Cogmind - Beta 13 @@@ ROGUE MODE // 2024.04.09 @ 03:05:51 Player: Eschess Result: Destroyed by Y-45 Defender with Heavy Assault Rifle Performance ------------- Evolutions (2) 1000 Regions Visited (5) 1000 Robots Destroyed (96) 480 Value Destroyed (2901) 2901 Prototype IDs (14) 280 Alien Tech Used (0) 0 Bonus (1262) 1262 TOTAL SCORE: 6923 Bonus ------- High Alert Combat Kills 257 Follower Combat Kills 305 Entered Garrisons 200 Used RIF Installer 500 Cogmind --------- Core Integrity 0/550 Matter 300/300 Energy 160/160 System Corruption 0% Temperature Cool (9) Movement Walking (120) Location -8/Garrison Parts ------- > --- POWER (1) -------- Light Nuclear Core > --- PROPULSION (4) --- Light Treads Aluminum Leg Aluminum Leg Aluminum Leg > --- UTILITY (4) ------ Heat Sink Transport Network Coupler Light Armor Plating Tractor Beam > --- WEAPON (2) ------- Light Assault Rifle Heavy Assault Rifle > --- INVENTORY (5) ---- Improved Ion Engine Cooled Ion Engine Light Nuclear Core Large Matter Pod (150) Particle Gun Peak State ------------ > --- POWER ------------ Heavy Ion Engine > --- PROPULSION ------- Airjet Airjet Aerolev Unit Aerolev Unit > --- UTILITY ---------- Improved Heat Sink Medium Storage Unit Transport Network Coupler Targeting Computer > --- WEAPON ----------- Gauss Rifle Assault Cannon > --- INVENTORY -------- Improved Ion Engine Light Nuclear Core Aerolev Unit VTOL Module Heat Sink Large Matter Pod Weight Redist. System Heavy Assault Rifle Heavy Assault Rifle Rocket Launcher [Rating: 32] Favorites ----------- Power Light Ion Engine Engine Light Ion Engine Power Core Light Nuclear Core Propulsion Aluminum Leg Treads Light Treads Leg Aluminum Leg Wheel Compact Wheel Hover Unit Aerolev Unit Flight Unit Cesium-ion Thruster Utility Medium Storage Unit Device Heat Sink Storage Medium Storage Unit Processor Transport Network Coupler Protection Light Armor Plating Weapon Light Cannon Energy Gun Small Laser Energy Cannon Beam Cannon Ballistic Gun Heavy Assault Rifle Ballistic Cannon Light Cannon Launcher Rocket Launcher Build | -11 -10 -9 -8 -8 -8 ------- Run | Yrd Mat Mat Mat Sto Gar Slots Evolved 4 | . . 2 2 . . Power . | . . . . . . Propulsion 2 | . . 1 1 . . Utility 2 | . . 1 1 . . Weapon . | . . . . . . Parts Attached 105 | 7 11 32 21 9 25 Power 16 | 1 1 6 4 2 2 Engine 11 | 1 1 5 2 2 . Core 5 | . . 1 2 . 2 Reactor . | . . . . . . Propulsion 43 | 2 5 10 9 5 12 Treads 1 | . . . . . 1 Leg 9 | . 2 4 . . 3 Wheel 2 | 2 . . . . . Hover 12 | . 2 6 4 . . Flight 19 | . 1 . 5 5 8 Utility 19 | 1 2 5 5 . 6 Device 13 | . 1 3 4 . 5 Storage 3 | 1 1 1 . . . Processor 2 | . . 1 1 . . Hackware . | . . . . . . Protection 1 | . . . . . 1 Artifact . | . . . . . . Weapon 27 | 3 3 11 3 2 5 Energy Gun 5 | 2 . 2 . . 1 Energy Cannon 1 | . 1 . . . . Ballistic Gun 10 | 1 . 3 2 . 4 Ballistic Cannon 10 | . 2 6 1 1 . Launcher 1 | . . . . 1 . Special Weapon . | . . . . . . Impact Weapon . | . . . . . . Slashing Weapon . | . . . . . . Piercing Weapon . | . . . . . . Special Melee Weapon . | . . . . . . Unidentified Prototypes 5 | . . 3 2 . . Parts Lost 33 | . 2 4 5 4 18 Power . | . . . . . . Propulsion 19 | . 2 1 4 2 10 Utility 7 | . . 1 . 1 5 Weapon 7 | . . 2 1 1 3 Highest Loss Streak 8 | . 1 2 2 2 8 To Critical Strikes 1 | . . 1 . . . Average Slot Usage (%) 93 | . 94 96 94 95 86 Engine 8 | . 14 8 3 8 3 Core 2 | . . 2 5 . 5 Treads 1 | . . . . . 5 Leg 14 | . 13 25 . . 11 Wheel 2 | . 7 . . . . Hover 5 | . 4 6 22 . . Flight 7 | . . . 9 35 15 Device 12 | . 12 10 10 15 12 Storage 8 | . 14 11 6 . . Processor 8 | . . 9 17 18 12 Ballistic Gun 7 | . 3 6 10 6 12 Ballistic Cannon 12 | . 20 14 7 8 2 Naked Turns . | . . . . . . Heaviest Build 28 | 13 21 25 28 18 18 Greatest Support 32 | 32 32 30 32 19 30 Greatest Overweight (x) 3 | 1 3 1 1 . 1 Average Overweight (x) . | . . . . . . Largest Inventory Capacity 10 | 8 10 10 10 5 5 Average Capacity 8 | 7 9 10 8 5 5 Most Carried 10 | 5 10 10 10 5 5 Average Carried 7 | 2 9 9 8 4 4 Final Capacity 10 | 8 10 10 5 5 5 Final Carried 10 | 2 10 10 5 5 5 Class Distribution -------------------- 50% | Mutant 32% | Scavenger-Mutant 10% | Scavenger-Sprinter 4% | Commander-Sprinter Dominant Class ---------------- Mutant | -10/Materials Scavenger-Mutant | -9/Materials Mutant | -8/Materials Scavenger-Sprinter | -8/Storage Scavenger-Mutant | -8/Garrison Resources | -11 -10 -9 -8 -8 -8 ----------- Run | Yrd Mat Mat Mat Sto Gar Matter Collected 3177 | 270 487 889 792 318 421 Remotely 14 | . . . . . 14 Salvage Created 3257 | . 525 1045 946 300 441 Parts 179 | . 30 60 49 15 25 Haulers Intercepted 10 | . 2 5 2 1 . Recyclers Shooed 1 | . 1 . . . . Parts Field Recycled . | . . . . . . Retrieved Matter . | . . . . . . Parts Self-Destructed . | . . . . . . Prevented . | . . . . . . Kills | -11 -10 -9 -8 -8 -8 ------- Run | Yrd Mat Mat Mat Sto Gar Combat Hostiles Destroyed 72 | . 12 22 18 7 13 Guns 27 | . 3 4 9 4 7 Cannons 41 | . 9 18 9 3 2 AOE 4 | . . . . . 4 Classes Destroyed 10 | . 5 3 2 . . Worker 4 | . 1 2 1 . . Builder 1 | . . . 1 . . Hauler 10 | . 2 5 2 1 . Watcher 9 | . 3 5 1 . . Swarmer 12 | . 3 . . 2 7 Grunt 39 | . 9 13 12 3 2 Brawler 1 | . . 1 . . . Duelist 2 | . . 1 1 . . Sentry 17 | . . 7 4 2 4 Hunter 1 | . . . 1 . . Best Kill Streak 7 | . 3 7 5 3 4 Combat Bots Only 6 | . 2 6 5 3 4 Max Kills in Single Turn 4 | . 2 2 2 1 4 Gunslinging . | . . . . . . Exploded 3 | . . . . . 3 Melee . | . . . . . . Uniques/NPCs Destroyed . | . . . . . . Combat | -11 -10 -9 -8 -8 -8 -------- Run | Yrd Mat Mat Mat Sto Gar Hostile Shots Fired 442 | . 66 94 85 55 142 Missed 163 | . 20 30 30 31 52 Damage Taken 3929 | . 487 907 851 378 1306 Core 770 | . 73 139 129 83 346 Absorbed by Shields 24 | . . . . . 24 Regen/Repaired (Parts) 237 | . . 116 . 121 . Core Remaining (%) 78 | 100 70 65 . . . Volleys Fired 303 | . 49 99 63 31 61 Largest 2 | . 2 2 2 2 2 Hottest 91 | . 80 91 72 67 77 Shots Fired 559 | . 97 191 124 62 85 Gun 271 | . 45 48 74 31 73 Cannon 284 | . 52 143 50 31 8 Launcher 4 | . . . . . 4 Special . | . . . . . . Kinetic 518 | . 67 184 124 62 81 Thermal 37 | . 30 7 . . . Explosive 4 | . . . . . 4 Electromagnetic . | . . . . . . Robot Hit Streak 15 | . 10 12 11 6 15 Robot Miss Streak 5 | . 4 5 4 4 3 Penetration Max 1 | . . . 1 . . Secondary Targets . | . . . . . . Shots Hit Robots 348 | . 59 120 82 28 59 Core Hits 146 | . 22 49 40 13 22 Critical Kills . | . . . . . . Critical Parts Destroyed 1 | . . . 1 . . Critical Strikes 6 | . 1 2 3 . . Destroy 1 | . . . 1 . . Blast 5 | . 1 2 2 . . Melee Attacks . | . . . . . . Impact . | . . . . . . Slashing . | . . . . . . Piercing . | . . . . . . Sneak Attacks . | . . . . . . Combat Hostiles . | . . . . . . Follow-up Attacks . | . . . . . . Damage Inflicted 6382 | . 914 2178 1656 621 1013 Guns 2614 | . 348 446 958 214 648 Cannons 3460 | . 564 1700 698 407 91 Explosions 274 | . . . . . 274 Melee . | . . . . . . Ramming 34 | . 2 32 . . . Kinetic 5667 | . 564 2087 1656 621 739 Thermal 407 | . 348 59 . . . Explosive 274 | . . . . . 274 Electromagnetic . | . . . . . . Impact . | . . . . . . Slashing . | . . . . . . Piercing . | . . . . . . Highest Corruption 1 | . . 1 . . . Average Corruption 1 | . . 1 . . . Corruption Purged . | . . . . . . Corruption Blocked . | . . . . . . Effects 10 | . . 10 . . . Message Errors 2 | . . 2 . . . Matter Fused 1 | . . 1 . . . Energy Discharges 2 | . . 2 . . . Parts Rejected 1 | . . 1 . . . Data Loss (minor) 2 | . . 2 . . . Data Loss (major) 1 | . . 1 . . . Misfires 1 | . . 1 . . . Overload Shots . | . . . . . . Overflow Damage 110 | . 23 . . 8 79 Projectiles 44 | . 23 . . 8 13 Explosions 66 | . . . . . 66 Melee . | . . . . . . Knockbacks 22 | . 5 10 5 1 1 Impact . | . . . . . . Kinetic 20 | . 4 9 5 1 1 Secondary 2 | . 1 1 . . . Self-Inflicted Damage 40 | . . . . . 40 Shots 1 | . . . . . 1 Rammed . | . . . . . . Targets Rammed 5 | . 1 4 . . . Kicked 5 | . 1 4 . . . Crushed . | . . . . . . Highest Temperature 51 | . 51 50 14 . 13 Average Temperature 15 | . 20 13 5 . 8 Received Heat Transfer 1500 | . 192 327 369 162 450 Siege Activations . | . . . . . . Robots Corrupted . | . . . . . . Combat Hostiles . | . . . . . . Parts Fried . | . . . . . . Impact Corruptions . | . . . . . . Robots Melted . | . . . . . . Combat Hostiles . | . . . . . . Parts Melted . | . . . . . . Heat Transferred 879 | . 731 148 . . . Parts Sabotaged . | . . . . . . Parts Stolen . | . . . . . . Parts Stripped . | . . . . . . Power Chain Reactions . | . . . . . . Alert | -11 -10 -9 -8 -8 -8 ------- Run | Yrd Mat Mat Mat Sto Gar Peak Influence 1017 | . 196 299 710 1017 921 Initial 360 | . . 1 92 218 360 Average 301 | . 48 165 397 483 782 Maximum Alert Level 3 | . . 1 3 3 3 Low Security (%) 54 | 100 100 70 20 . . Level 1 16 | . . 29 22 49 4 Level 2 10 | . . . 54 31 14 Level 3 18 | . . . 2 19 80 Level 4 . | . . . . . . Level 5 . | . . . . . . High Security . | . . . . . . Max Security . | . . . . . . Squads Dispatched 14 | . 4 1 3 6 . Investigation 7 | . 2 1 2 2 . Extermination . | . . . . . . Reinforcement 5 | . 2 . 1 2 . Assault . | . . . . . . Garrison 2 | . . . . 2 . Intercept . | . . . . . . Searches Triggered . | . . . . . . Construction Impeded . | . . . . . . Haulers Reinforced . | . . . . . . Active Scanning Responses . | . . . . . . Cargo Convoy Interrupts . | . . . . . . Stealth | -11 -10 -9 -8 -8 -8 --------- Run | Yrd Mat Mat Mat Sto Gar Distress Signals 9 | . 3 2 3 1 . Communications Jammed . | . . . . . . Distress Signals . | . . . . . . Times Spotted 129 | . 21 33 22 29 24 Peak Tracking Total 8 | . 4 6 7 7 8 Tactical Retreats 13 | . 2 . 1 5 5 Traps | -11 -10 -9 -8 -8 -8 ------- Run | Yrd Mat Mat Mat Sto Gar Traps Triggered 11 | . 3 4 . 2 2 Indirectly . | . . . . . . Trap Hack Attempts . | . . . . . . Triggered . | . . . . . . Disarmed . | . . . . . . Reprogrammed 3 | . . . . 3 . Reused 1 | . . . . 1 . Traps Extracted . | . . . . . . Installed . | . . . . . . Triggered 1 | . . . . 1 . Machines | -11 -10 -9 -8 -8 -8 ---------- Run | Yrd Mat Mat Mat Sto Gar Machines Disabled 6 | . 1 2 2 . 1 Max in Single Turn 1 | . 1 1 1 . 1 Machines Repaired . | . . . . . . Machines Dismantled . | . . . . . . Machines Sabotaged . | . . . . . . Overloaded Fab Kills . | . . . . . . Hacking | -11 -10 -9 -8 -8 -8 --------- Run | Yrd Mat Mat Mat Sto Gar Machines Accessed 43 | . 8 11 5 15 4 Terminals 35 | . 6 8 5 12 4 Fabricators . | . . . . . . Repair Stations 2 | . . 1 . 1 . Recycling Units 3 | . 2 . . 1 . Scanalyzers 2 | . . 2 . . . Garrison Access 1 | . . . . 1 . Total Hacks 107 | . 24 28 14 34 7 Successful 50 | . 11 14 5 16 4 Failed 57 | . 13 14 9 18 3 Catastrophic 10 | . 2 3 1 3 1 Database Lockouts . | . . . . . . Manual 44 | . 18 14 4 8 . Terminals 85 | . 21 18 14 25 7 Fabricators . | . . . . . . Repair Stations 7 | . . 2 . 5 . Recycling Units 5 | . 3 . . 2 . Scanalyzers 8 | . . 8 . . . Garrison Access 2 | . . . . 2 . Terminal Hacks 29 | . 8 5 3 9 4 Prototype ID Bank 5 | . 2 1 1 1 . Open Door 6 | . . . . 5 1 Branch Access Points 1 | . 1 . . . . Emergency Access Points 4 | . 1 1 1 . 1 Recycling Unit Index 1 | . 1 . . . . Alert Level 4 | . 1 2 1 . . Unreport Threat 4 | . 1 1 . 2 . Reprogram Traps 1 | . . . . 1 . Dispatch Records 1 | . 1 . . . . Patrol Navigation 1 | . . . . . 1 Security Stations 1 | . . . . . 1 Fabricator Hacks . | . . . . . . Repair Station Hacks 4 | . . 2 . 2 . Scan Component 2 | . . 1 . 1 . Repair 2 | . . 1 . 1 . Recycling Unit Hacks 2 | . 1 . . 1 . Report Inventory 1 | . 1 . . . . Retrieve Components 1 | . . . . 1 . Scanalyzer 6 | . . 6 . . . Insert Component 3 | . . 3 . . . Analyze 3 | . . 3 . . . Garrison Access Hacks 1 | . . . . 1 . Unlock Access 1 | . . . . 1 . Unauthorized Hacks 8 | . 2 1 2 3 . Terminals 7 | . 1 1 2 3 . Assimilate 1 | . . . . 1 . Botnet 6 | . 1 1 2 2 . Fabricators . | . . . . . . Repair Stations . | . . . . . . Recycling Units 1 | . 1 . . . . Reject 1 | . 1 . . . . Scanalyzers . | . . . . . . Garrison Access . | . . . . . . Data Cores Recovered . | . . . . . . Used . | . . . . . . Hacking Detections 39 | . 7 10 5 13 4 Full Trace Events 6 | . . 1 2 1 2 Feedback Events . | . . . . . . Feedback Blocked . | . . . . . . Robot Schematics Acquired . | . . . . . . Robots Built . | . . . . . . Authchips . | . . . . . . Time . | . . . . . . Total Robot Build Rating . | . . . . . . Part Schematics Acquired 3 | . . 3 . . . Parts Built . | . . . . . . Authchips . | . . . . . . Time . | . . . . . . Total Part Build Rating . | . . . . . . Parts Repaired 2 | . . 1 . 1 . Time 64 | . . 26 . 38 . Parts Recycled . | . . . . . . Recycled Matter . | . . . . . . Retrieved Matter . | . . . . . . Retrieved Components 1 | . . . . 1 . Parts Scanalyzed 3 | . . 3 . . . Part Schematics Acquired 3 | . . 3 . . . Parts Damaged . | . . . . . . Bothacking | -11 -10 -9 -8 -8 -8 ------------ Run | Yrd Mat Mat Mat Sto Gar Used RIF Installer 1 | . . . . . 1 Robots Hacked . | . . . . . . Non-combat . | . . . . . . Combat . | . . . . . . Robot Hacks Applied . | . . . . . . Relay Couplers Released . | . . . . . . Fabnet Peak Effective % . | . . . . . . Robots Rewired . | . . . . . . Allies Hacked . | . . . . . . Hacks Repelled . | . . . . . . Allies | -11 -10 -9 -8 -8 -8 -------- Run | Yrd Mat Mat Mat Sto Gar Total Allies 13 | . . . . 11 2 Largest Group 10 | . . . . 10 5 Highest-Rated Group 173 | . . . . 173 77 Highest-Rated Ally 29 | . . . . 29 25 Total Orders . | . . . . . . Ally Attacks 137 | . . . . 84 53 Total Damage 1719 | . . . . 1087 632 Kills 20 | . . . . 13 7 Allies Corrupted . | . . . . . . Allies Melted 2 | . . . . . 2 Intel | -11 -10 -9 -8 -8 -8 ------- Run | Yrd Mat Mat Mat Sto Gar Robot Analysis Total . | . . . . . . Derelict Logs Recovered . | . . . . . . Drone Launches . | . . . . . . Drone Recoveries . | . . . . . . Exploration | -11 -10 -9 -8 -8 -8 ------------- Run | Yrd Mat Mat Mat Sto Gar Turns Passed 4895 | 60 1438 1548 425 447 977 Spaces Moved 4079 | 46 855 1193 322 689 974 Core 15 | 15 . . . . . Treads 98 | . . . . . 98 Legs 1544 | . 464 763 . . 317 Wheels 307 | 31 276 . . . . Hover 670 | . 115 430 125 . . Flight 1445 | . . . 197 689 559 Fastest Speed 26 | 50 100 42 27 26 26 Average Speed 77 | 97 118 92 41 26 71 Slowest Speed 240 | 100 240 190 111 27 190 Overloaded Moves . | . . . . . . Propulsion Burnouts . | . . . . . . Robots Hopped 21 | . . . 2 15 4 Cave-ins Triggered . | . . . . . . Exploration Rate (%) 61 | 3 96 82 29 91 68 Regions Visited 5 Branch Regions 1 Pre-discovered Areas . | . . . . . . Known Exits Taken 1 | . . . . 1 . Unknown Exits Taken 4 | 1 1 1 1 . . Scrap Searched . | . . . . . . Spaces Dug . | . . . . . . Terrain Destroyed 47 | . . . 10 10 27 Melee . | . . . . . . Projectile 20 | . . . 10 10 . AOE 27 | . . . . . 27 Terrain Rammed . | . . . . . . Walls Destroyed . | . . . . . . Machines Disabled . | . . . . . . Actions | -11 -10 -9 -8 -8 -8 --------- Run | Yrd Mat Mat Mat Sto Gar Total 5256 | 61 1188 1454 488 884 1181 Wait 569 | . 237 74 59 147 52 Move 4031 | 45 854 1192 317 660 963 Hop 19 | . . . 2 13 4 Pick Up 122 | 8 23 34 14 14 29 Fast Attach . | . . . . . . Attach 63 | 7 5 18 8 4 21 Detach 3 | 1 1 . . . 1 Swap 42 | . 6 14 13 5 4 Drop 62 | . 12 19 12 10 9 Fire 303 | . 49 99 63 31 61 Melee . | . . . . . . Ram . | . . . . . . Kick 5 | . 1 4 . . . Crush . | . . . . . . Escape Stasis 32 | . . . . . 32 Rewire 5 | . . . . . 5 Trap . | . . . . . . Miscellaneous . | . . . . . . Route ------- -11/Scrapyard -10/Materials (discovered 4 exits: *Mat x3 / *Min) -9/Materials (discovered 4 exits: *Mat x3 / [*Min]) -8/Materials -8/Storage (discovered 2 exits: [*Fac] / Gar) -8/Garrison (discovered 3 exits: [*Fac x3]) History --------- Turn | Location | Event 21 | -11/Scrapyard | Discovered new exit (range 14) 61 | -11/Scrapyard | Entered Materials 312 | -10/Materials | Build established: Mutant 385 | -10/Materials | Discovered new exit (range 10) 743 | -10/Materials | Discovered new exit (range 14) 1027 | -10/Materials | Identified exit to Mines 1191 | -10/Materials | Discovered new exit (range 10) 1499 | -10/Materials | Entered another Materials area 1499 | -9/Materials | Evolved 2 slots: Propulsion x1, Utility x1 1885 | -9/Materials | Discovered new exit (range 13) 2147 | -9/Materials | Repaired Lgt. Cannon 2252 | -9/Materials | Build established: Scavenger-Mutant 2656 | -9/Materials | Discovered new exit (range 7) 2789 | -9/Materials | Discovered new exit (range 8) 2989 | -9/Materials | Discovered new exit (range 8) 3032 | -9/Materials | Build established: Mutant 3047 | -9/Materials | Entered another Materials area 3047 | -8/Materials | Evolved 2 slots: Propulsion x1, Utility x1 3469 | -8/Materials | Discovered new exit (range 5) 3472 | -8/Materials | Entered Storage 3560 | -8/Storage | Repaired Assault Cannon 3645 | -8/Storage | Build established: Scavenger-Sprinter 3765 | -8/Storage | Assisted by bots powering up and referring to "LRC-V3" 3819 | -8/Storage | Garrison activated, responded to threat 3829 | -8/Storage | Discovered new exit (range 16) 3870 | -8/Storage | Identified exit to Garrison 3919 | -8/Storage | Entered Garrison 3919 | -8/Garrison | Accompanied by 5 allies 3950 | -8/Garrison | Triggered checkpoint 3994 | -8/Garrison | Triggered checkpoint 4004 | -8/Garrison | Discovered new exit (range 12) 4007 | -8/Garrison | Rescued a captive Derelict 4010 | -8/Garrison | Rescued a captive Derelict 4038 | -8/Garrison | Attempted to access garrison exit controls, blocked by remote lockdown 4086 | -8/Garrison | Discovered new exit (range 14) 4092 | -8/Garrison | Attempted to access garrison exit controls, blocked by remote lockdown 4100 | -8/Garrison | Triggered checkpoint 4108 | -8/Garrison | Spotted B-75 Beast 4113 | -8/Garrison | Core integrity fell below 50% 4127 | -8/Garrison | Learned Factory security intel 4176 | -8/Garrison | Triggered checkpoint 4177 | -8/Garrison | Lost 8 parts (6n2w) 4242 | -8/Garrison | Core integrity fell below 20% 4320 | -8/Garrison | Lost 3 parts (1n2u) 4380 | -8/Garrison | Triggered checkpoint 4535 | -8/Garrison | Installed Relay Interface Framework 4536 | -8/Garrison | Build established: Scavenger-Mutant 4582 | -8/Garrison | Discovered new exit (range 12) 4624 | -8/Garrison | Triggered checkpoint 4667 | -8/Garrison | Lost 3 parts (2u1w) 4896 | -8/Garrison | Destroyed by Y-45 Defender with Heavy Assault Rifle Last Messages --------------- Acquired 32 matter. Acquired Lgt. Armor Plating. Acquired Heat Sink. Acquired 20 matter. Attempting to rewire R-06 Scavenger. R-06 Scavenger is unpowered. Attempting to rewire R-06 Scavenger. R-06 Scavenger is unpowered. Attempting to rewire R-06 Scavenger. R-06 Scavenger is unpowered. Attempting to rewire R-06 Scavenger. R-06 Scavenger is unpowered. Attempting to rewire R-06 Scavenger. R-06 Scavenger is unpowered. R-06 Scavenger destroyed. Acquired 4 matter. Acquired Tractor Beam. Acquired 10 matter. Acquired Particle Gun. Acquired 4 matter. Map ----- +----------------------------------------------------+ | ?????????????????????# #?? | | ?????????????????????# ######################?? | | ?????????????????????# #??????????????????????? | | ?????????????????????# #??????????????????????? | | ?????????????????????# #??????????????????????? | | ????????????????#????# #??????????????????????? | | ????????????????# ???# #??????????????????????? | | ????????????????# ???# #??????????????????????? | | ????????????????" ???# #??????????????????????? | | ??????????????+?" ???# #??????????????????????? | | ????????????????" ??# #??????????????????????? | | ????????????????# ??# #??????????????????????? | | ????????????????# ??# #??????????????????????? | | ????????????????# ### #??????????????????????? | | ????????????????# #??????????????????????? | | ????????????????# #??????????????????????? | | ????????????????##T### #??????????????????????? | | ?????????????????##??# #??????????????????????? | | ?????????????????????# #??????????????????????? | | ??????????##+######### #??????????????????????? | | ??????????# #??????????????????????? | | ??????????# < #??????????????????????? | | ??????????# #??????????????????????? | | ??????????############## #??????????????????????? | | ???????????????????????#!#??????????????????????? | | ?????????????????????###@###????????????????????? | | ?????????????????????# Y%/ #????????????????????? | | ?????????????????????#Y#T# #????????????????????? | | ?????????????????????#######????????????????????? | | ????????????????????????????????????????????????? | | ????????????????????????????????????????????????? | | ????????????????????????????????????????????????? | | ????????????????????????????????????????????????? | | | | | | | | | | | | | | | | | | | | | | | | | | | | | | | | | | | +----------------------------------------------------+ Best States ------------- Heat Dissipation 59 Energy Generation 14 Energy Capacity 280 Matter Stores 300 Matter Capacity 300 Sight Range 16 Terrain Scan Density 10 Additional Mass Support 6 Armor Coverage 150 Evasion (%) 73 Targeting Accuracy 5 Recoil Reduction 1 Item Schematics ----------------- Imp. Hover Unit | -9/Materials | Scanalyzed VTOL Module | -9/Materials | Scanalyzed Rocket Launcher | -9/Materials | Scanalyzed Robot Schematics ------------------ None Fabricated ------------ Nothing Alien Tech Used ----------------- None Achievements -------------- None Challenges ------------ None Game ------ Seed DecoderTacticalReplicator Manual? 0 Play Time 01:31:06 Cumulative 18.6 hours Start 2024.04.09 @ 01:34:03 End 2024.04.09 @ 03:05:51 Sessions 1 Manual Loads 0 Difficulty Rogue Special Mode None Game No. 12 Rogue 12 Adventurer 0 Explorer 0 Win Type - Total 0 Types 0/0/0/0/0/0/0/0/0 Lore% 10 Gallery% 23 Achievement% 23 Wizard Run 0 Options --------- Layout 0 ASCII 0 Keyboard 0 Movement Numpad Keybinds 0 Fullscreen 1 Font 18/SmallcapsGlow Map View 76x50 Zoom Use 0% Tactical HUD 0 Map Filters NONE Filters NONE Steam 1 RUN: d7fcebdc-0a28-4b80-9cfe-3d3e968bdf0f